 Dungeon Crawl Stone Soup version 0.20.0-15-g7f486f2 (webtiles) character file.

226 vishdafish the Shield-Bearer (level 6, -2/38 HPs)
             Began as a Gargoyle Fighter on June 23, 2017.
             Killed by divine providence
             ... invoked by an orc priest
              (13 damage)
             ... on level 4 of the Dungeon.
             The game lasted 00:03:21 (2253 turns).

vishdafish the Shield-Bearer (Gargoyle Fighter)     Turns: 2253, Time: 00:03:21

Health: -2/38      AC: 11    Str: 20    XL:     6   Next: 1%
Magic:  15/15      EV:  7    Int: 12    God:
Gold:   130        SH:  9    Dex: 10    Spells: 5/5 levels left

rFire    . . .     SeeInvis .   u - +2 whip (elec)
rCold    . . .     Gourm    .   c - +0 shield
rNeg     + . .     Faith    .   b - +0 scale mail
rPois    ∞         Spirit   .   (no helmet)
rElec    +         Reflect  .   (no cloak)
rCorr    .         Harm     .   (no gloves)
MR       .....                  (no boots)
Stlth    ..........             (no amulet)
Regen    0.2/turn               i - ring of magical power
MPRegen  0.2/turn               p - +3 ring of intelligence

@: no status effects
A: negative energy resistance 1, electricity resistance, unbreathing,
petrification resistance, rot immunity, AC +4
a: no special abilities


You were on level 4 of the Dungeon.
You were hungry.

You visited 1 branch of the dungeon, and saw 4 of its levels.

You collected 130 gold pieces.

Inventory:

Hand Weapons
 a - a +0 flail
 t - a +2 morningstar of holy wrath
 u - a +2 whip of electrocution (weapon)
Armour
 b - a +0 scale mail (worn)
 c - a +0 shield (worn)
Jewellery
 i - a ring of magical power (left hand)
 p - a +3 ring of intelligence (right hand)
Scrolls
 e - 2 scrolls of remove curse {unknown}
 h - a scroll of fear {unknown}
 k - a scroll of identify {unknown}
 l - a scroll of blinking {unknown}
 s - a scroll of magic mapping {unknown}
 v - a scroll of fog {unknown}
Potions
 d - a potion of might
 g - a potion of haste {unknown}
 j - a potion of heal wounds {unknown}
 n - 2 potions of curing {unknown}
 o - a potion of invisibility {unknown}
 q - a potion of flight {unknown}
 r - a potion of mutation {unknown}
Comestibles
 f - 3 bread rations
 m - a royal jelly


   Skills:
 + Level 3.9 Fighting
 + Level 3.8 Maces & Flails
 + Level 4.2 Armour
 + Level 0.5 Dodging
 + Level 0.2 Stealth
 + Level 4.7 Shields


You had 5 spell levels left.
You didn't know any spells.

Dungeon Overview and Level Annotations

Branches:
Dungeon (4/15)
 Temple: D:4-7

Altars:
Makhleb


Innate Abilities, Weirdness & Mutations

You are resistant to torment.
Your stone body is resilient. (AC +4)
You are immune to poison.
You resist negative energy. (rN+)
You are resistant to electric shocks. (rElec)
You can survive without breathing.
You are immune to petrification.
You are immune to rotting.


Message History

You hit the orc priest.
The orc priest is severely wounded.
The orc priest calls down the wrath of Beogh upon you.
Beogh smites you!
* * * LOW HITPOINT WARNING * * *
The orc hits you but does no damage.
You hit the orc priest.
The orc priest is almost dead.
The orc priest hits you but does no damage.
You block the orc's attack.
You closely miss the orc priest.
The orc priest is almost dead.
You block the orc's attack. You block the orc priest's attack.
You block the orc's attack.
You barely miss the orc priest.
The orc priest is almost dead.
The orc hits you but does no damage.
The orc priest mumbles some strange prayers to Beogh against you.
Beogh smites you!
You die...

##... # ... ##. ...
..# ... ..##.#
#.#.###.###
#.ooo...... #@#
#.#### #....# ###
#.##.# ..# #.# #
#.####.##.##. #
#####.##..........
#. ...#.##.#.#.....#
..###.#.##.........#


You could see an orc priest and 2 orcs.

Vanquished Creatures
  2 bullfrog skeletons (D:4)
  A worker ant (D:3)
  7 adders
  A shadow imp (D:3)
  An ooze (D:3)
  2 worms
  2 dart slugs
  3 leopard geckos
  2 orcs (D:4)
  3 giant cockroaches
  7 goblins
  10 hobgoblins
  3 jackals (D:1)
  6 kobolds
  A quokka (D:2)
  3 ball pythons
  3 bats
  A jackal skeleton (D:4)
  5 rats
63 creatures vanquished.

Notes
Turn   | Place    | Note
-------+----------+-------------------------------------------
     0 | D:1      | vishdafish the Gargoyle Fighter began the quest for the Orb.
     0 | D:1      | Reached XP level 1. HP: 14/14 MP: 1/1
   191 | D:1      | Reached XP level 2. HP: 14/19 MP: 2/2
   655 | D:1      | Reached XP level 3. HP: 23/23 MP: 3/3
  1142 | D:2      | Reached XP level 4. HP: 24/28 MP: 4/4
  1843 | D:3      | Reached XP level 5. HP: 28/33 MP: 5/5
  2035 | D:3      | Found a burning altar of Makhleb.
  2246 | D:4      | Reached XP level 6. HP: 20/38 MP: 6/6
  2253 | D:4      | Killed from afar by an orc priest

Skill      XL: |  1  2  3  4 |
---------------+-------------+-----
Maces & Flails | 3 |  3.8
Armour         | 4 |  4.2
Shields        | 4 |  4.7
Fighting       | |  3.9
Dodging        | |  0.5
Stealth        | |  0.2

Action                   |  1- 3 |  4- 6 || total
-------------------------+-------+-------++-------
Melee: Flail             |   114 |   102 ||   216
       Morningstar       |       |    20 ||    20
       Whip              |       |    25 ||    25
  Eat: Chunk             |       |     4 ||     4
Armor: Scale mail        |    69 |    81 ||   150
Dodge: Dodged            |    27 |    35 ||    62
Block: Shield            |    65 |    96 ||   161
